 Dungeon Crawl Stone Soup version 0.30.0-19-g36f170ea60 (webtiles) character file.

Game seed: 6111745367439335898

4 RascalDebosk the Magician (level 1, -1/18 HPs)
             Began as a Djinni Warper on May 31, 2023.
             Slain by a jackal (2 damage)
             ... on level 1 of the Dungeon.
             The game lasted 00:01:37 (107 turns).

RascalDebosk the Magician (Djinni Warper)            Turns: 107, Time: 00:01:37

Health: -1/18      AC:  3    Str: 10    XL:     1   Next: 77%
Gold:   25         EV: 11    Int: 14    God:
                   SH:  0    Dex: 12

rFire   + + .        a - +0 falchion
rCold   x . .        (no shield)
rNeg    . . .        b - +0 leather armour
rPois   ∞            (no helmet)
rElec   .            (no cloak)
rCorr   .            (no gloves)
SInv    .            (boots unavailable)
Will    .....        (no amulet)
Stlth   +            (no ring)
HPRegen 0.23/turn    (no ring)
MPRegen 0.00/turn

%: infuse magic (-2 HP)
@: flying
A: sickness immunity, fire resistance 2, cold vulnerability 1, float, innate
caster, HP casting, extra vitality 1
a: no special abilities


You were on level 1 of the Dungeon.
You visited 1 branch of the dungeon, and saw 1 of its levels.

You collected 25 gold pieces.

Inventory:

Hand Weapons
 a - a +0 falchion (weapon)
Missiles
 d - 7 boomerangs of dispersal (quivered)
Armour
 b - a +0 leather armour (worn)
Scrolls
 e - a scroll of identify {unknown}
 g - a scroll of blinking
Potions
 c - 2 potions of brilliance {unknown}
 f - a potion of resistance {unknown}


   Skills:
 - Level 2.0 Fighting
 - Level 1.7 Long Blades
 - Level 0.7 Throwing
 - Level 1.0 Armour
 - Level 2.1 Dodging
 * Level 2.6 Spellcasting


You knew the following spells:

 Your Spells              Type           Power      Damage    Failure   Level
a - Blink                 Tloc           18%        N/A       16%         2
b - Lesser Beckoning      Tloc           18%        N/A       16%         2
c - Vhi's Electric Charg  Tloc/Air       18%        N/A       30%         3
d - Teleport Other        Tloc           9%         N/A       30%         3
e - Manifold Assault      Tloc           9%         N/A       69%         4
Your spell library was empty.

Dungeon Overview and Level Annotations

Branches:
Dungeon (1/15)

Altars:


Innate Abilities, Weirdness & Mutations

You are immune to sickness and miasma.
You are immune to poison.
Your flesh is very heat resistant. (rF++)
You are vulnerable to cold. (rC-)
You float through the air rather than walking.
You learn spells naturally, not from books.
Your magical power is your life essence.
You have superior vitality. (+4 MHP)


Message History

A rat comes into view.
Found 12 gold pieces.
Found a sedimented blue potion.
You see here a dark potion.
You barely miss the rat. The rat bites you but does no damage.
You closely miss the rat. Your punch misses the rat.
The rat bites you but does no damage.
You hit the rat.
You kill the rat!
You see here a rat corpse.
You see here a rat corpse.
c - 2 dark potions (gained 1)
You see here a rat corpse.
Found 10 gold pieces.
Found 5 poisoned darts and a scroll labelled DEODUCK CAMAS.
You now have 25 gold pieces (gained 12).
Found a leather armour.
f - a sedimented blue potion A goblin comes into view.
It is wielding a +0 club.
The goblin shouts!
The goblin moves out of view.
A kobold comes into view. It is wielding a +0 short sword.
The kobold shouts!
You hear a bark!
The kobold moves out of view.
Found two stone staircases leading down.
The goblin hits you with a +0 club.
You barely miss the goblin. The goblin hits you with a +0 club.
You miss the goblin. The goblin hits you but does no damage.
The goblin hits you with a +0 club.
You barely miss the goblin.
The kobold hits you with a +0 short sword.
The goblin completely misses you.
You closely miss the goblin. The kobold barely misses you.
The goblin barely misses you.
You hit the goblin.
The goblin is almost dead.
The kobold hits you with a +0 short sword.
* * * LOW HITPOINT WARNING * * *
The goblin misses you.
You hit the goblin but do no damage.
The goblin is almost dead.
The kobold hits you but does no damage. The goblin closely misses you.
You completely miss the goblin.
The goblin is almost dead.
The kobold misses you.
A jackal comes into view.
The goblin hits you with a +0 club.
* * * LOW HITPOINT WARNING * * *
The kobold hits you with a +0 short sword.
* * * LOW HITPOINT WARNING * * *
The goblin misses you.
You hit the goblin.
You kill the goblin!
The kobold closely misses you.
A jackal comes into view.
You closely miss the kobold.
The jackal barks!
The kobold hits you with a +0 short sword.
* * * LOW HITPOINT WARNING * * *
You closely miss the kobold.
The kobold hits you with a +0 short sword.
* * * LOW HITPOINT WARNING * * *
A jackal comes into view.
The jackal barks!
You slash the kobold!
You kill the kobold!
A jackal comes into view.
The jackal barely misses you.
The jackal bites you but does no damage.
Things that are here:
a +0 club; a goblin corpse You closely miss the jackal.
The jackal closely misses you. The jackal barely misses you.
The jackal barks!
You hit the jackal.
You kill the jackal!
The jackal attacks as you move away!
The jackal bites you but does no damage.
The jackal barely misses you.
The jackal bites you but does no damage.
The jackal attacks as you move away! The jackal closely misses you.
The jackal attacks as you move away! The jackal barely misses you.
The jackal bites you but does no damage.
The jackal attacks as you move away! The jackal barely misses you.
The jackal attacks as you move away! The jackal misses you.
The jackal bites you.
* * * LOW HITPOINT WARNING * * *
The jackal barely misses you.
The jackal bites you but does no damage.
The jackal closely misses you. The jackal attacks as you move away!
The jackal barely misses you. The jackal attacks as you move away!
The jackal barely misses you. The jackal attacks as you move away!
The jackal bites you.
* * * LOW HITPOINT WARNING * * *
Found a tubular opal ring.
The jackal closely misses you. The jackal bites you.
* * * LOW HITPOINT WARNING * * *
The jackal misses you. The jackal attacks as you move away!
The jackal barely misses you. The jackal attacks as you move away!
The jackal bites you.
You die...

... #..#...........#####
...##.#....#.......###
..........###...#....#
...#...............#.#
..(.......#..........#
##..)..........†.#.###
..?..#.#.........#...
###.#).#.......h.###.
#............h@.##
#............h#..##..
#...#.......>.......>..
.......#........###.....
##.....#........# .....
................# ....
########........# ....=
....#....###...## . ###
.8.8.##### ###..#.#


You could see 3 jackals.

Vanquished Creatures
  A goblin (D:1)
  A jackal (D:1)
  A kobold (D:1)
  A rat (D:1)
4 creatures vanquished.

Notes
Turn   | Place    | Note
-------+----------+-------------------------------------------
     0 | D:1      | RascalDebosk the Djinni Warper began the quest for the Orb.
     0 | D:1      | RascalDebosk set off with the following spells memorised:
                  | Blink, Lesser Beckoning, Vhi's Electric Charge, Teleport
                  | Other, Manifold Assault.
     0 | D:1      | Reached XP level 1. HP: 18/18 MP: 0/0
   107 | D:1      | Slain by a jackal

Illustrated notes

Levels and vault maps discovered:
D:1:      ncdulo_halloftheorcs, layout_rooms, nicolae_figureground_pulse

Action                     || total
---------------------------++-------
  Melee: Falchion          ||    16
 Armour: Leather armour    ||     9
  Dodge: Dodged            ||    23
